 Dungeon Crawl Stone Soup version 0.14-a0-1403-g5d3c58f (webtiles) character file.

231 PolkaDot the Grave Robber (level 4, -1/30 HPs)
             Began as a Vampire Necromancer on Dec 10, 2013.
             Killed by Olgreb's Toxic Radiance
             ... invoked by mopl's ghost
              (4 damage)
             ... on Level 3 of the Dungeon.
             The game lasted 00:09:23 (2273 turns).

PolkaDot the Grave Robber (Vampire Necromancer)     Turns: 2273, Time: 00:09:24

HP  -1/30        AC  2     Str 12      XL: 4   Next: 56%
MP   7/7         EV 16     Int 22      God:
Gold 124         SH  0     Dex 15      Spells:  3 memorised,  2 levels left

rFire  . . .     SeeInvis +     f - +1,+0 elf short sword
rCold  . . .     Clarity  .     a - +0 robe
rNeg   . . .     Conserve .     (no shield)
rPois  .         rCorr    .     (no helmet)
rElec  .         rRot     .     (no cloak)
SustAb . .       Spirit   .     (no gloves)
rMut   .         Warding  .     (no boots)
Saprov . . .     Stasis   .     (no amulet)
                                w - +4 ring of evasion
                                i - ring of sustenance

@: regenerating quickly, mighty, brilliant, slightly resistant to hostile
enchantments, stealthy
A: fangs 3, see invisible, unbreathing
a: no special abilities


You were on level 3 of the Dungeon.
You were very full.

You visited 1 branch of the dungeon, and saw 3 of its levels.

You collected 124 gold pieces.

Inventory:

Hand weapons
 f - a +1,+0 elven short sword (weapon)
Armour
 a - a +0 robe (worn)
 h - a +0 buckler
Magical devices
 n - a wand of polymorph (10)
 r - a wand of enslavement (6)
Scrolls
 d - a scroll of curse weapon {unknown}
 g - 2 scrolls of enchant weapon I {unknown}
 j - a scroll of immolation {unknown}
 k - 2 scrolls of teleportation {unknown}
 p - 3 scrolls of identify {unknown}
 q - a scroll of remove curse {unknown}
Jewellery
 i - a ring of sustenance (left hand)
 l - an uncursed ring of fire
 s - a +3 ring of protection
 w - a +4 ring of evasion (right hand)
Potions
 e - a potion of cure mutation
 t - a potion of degeneration
Books
 b - a book of Necromancy

   Spells                             Type                      Level
   *Pain                              Necromancy                   1
   *Animate Skeleton                  Necromancy                   1
   Lethal Infusion                    Charms/Necromancy            2
   *Vampiric Draining                 Necromancy                   3
   Regeneration                       Charms/Necromancy            3
   Animate Dead                       Necromancy                   4
   Control Undead                     Necromancy                   4


   Skills:
 - Level 2.1 Dodging
 - Level 3.0 Stealth
 - Level 2.0 Spellcasting
 * Level 6.6 Necromancy


You had 2 spell levels left.
You knew the following spells:

 Your Spells              Type           Power        Failure   Level  Hunger
a - Pain                  Necr           ####         1%          1    #......
d - Vampiric Draining     Necr           #####.....   1%          3    ###....
s - Animate Skeleton      Necr           N/A          1%          1    #......


Dungeon Overview and Level Annotations

Branches:
Dungeon (3/16)

Altars:
Cheibriados
Xom

Annotations:
D:3 mopl's ghost, average OpVM


Innate Abilities, Weirdness & Mutations

Your natural rate of healing is unusually fast.
You have razor-sharp teeth.*
You have supernaturally acute eyesight.
You can survive without breathing.*


Message History

Your kobold skeleton closely misses mopl's ghost.
Mopl's ghost closely misses you.
Drink which item? (? for menu, Esc to quit)
You feel your dexterity returning.
It was a potion of restore abilities.
Your bat skeleton misses mopl's ghost.
Your bat skeleton closely misses mopl's ghost.
Your orc skeleton misses mopl's ghost.
Your bat skeleton hits mopl's ghost.
Mopl's ghost barely misses you.
Your kobold skeleton hits mopl's ghost but does no damage.
Drink which item? (? for menu, Esc to quit)
Okay, then.
You swing at nothing.
Your bat skeleton misses mopl's ghost.
Your bat skeleton barely misses mopl's ghost.
Your bat skeleton hits mopl's ghost but does no damage.
Mopl's ghost gestures wildly while chanting.
Mopl's ghost begins to radiate toxic energy.
Your orc skeleton barely misses mopl's ghost.
You swing at nothing.
You feel less confused.
You die...

.....# #.... .....# #...
.....+ ... .....# #.#
.....####.#
..........#######
................####+#+#
...........[..z.........#
.............zzp@.......#
..............z.........#
#.......................
#...............####'#+#
#...............# #
#...............#
#...............#
#................
#.....#######....


You could see mopl's ghost, a friendly giant newt skeleton, a friendly bat
skeleton, a friendly kobold skeleton and a friendly orc skeleton.

Vanquished Creatures
  A scorpion (D:3)
  Jessica (D:2)
  An adder (D:1)
  3 giant geckos
  2 orcs (D:3)
  2 bats
  3 hobgoblins (D:1)
  2 jackals (D:1)
  2 giant cockroaches
  4 goblins
  3 kobolds
  8 rats
32 creatures vanquished.

Vanquished Creatures (collateral kills)
  An orc wizard (D:2)
  A quokka (D:2)
2 creatures vanquished.

Vanquished Creatures (others)
  An orc skeleton (D:3)
  A bat (D:3)
  A giant newt (D:3)
  A kobold skeleton (D:3)
  A quokka skeleton (D:3)
5 creatures vanquished.

Grand Total: 39 creatures vanquished

Notes
Turn   | Place    | Note
--------------------------------------------------------------
     0 | D:1      | PolkaDot, the Vampire Necromancer, began the quest for the Orb.
     0 | D:1      | Reached XP level 1. HP: 13/13 MP: 3/3
     2 | D:1      | Learned a level 1 spell: Animate Skeleton
   411 | D:1      | Reached XP level 2. HP: 19/19 MP: 2/4
   569 | D:1      | Reached skill level 5 in Necromancy
   639 | D:1      | You fall through a shaft!
   639 | D:2      | Found a shimmering altar of Xom.
  1037 | D:2      | Found a snail-covered altar of Cheibriados.
  1502 | D:1      | Reached XP level 3. HP: 18/24 MP: 0/6
  1606 | D:2      | Noticed Jessica
  1684 | D:2      | Killed Jessica
  1969 | D:2      | Learned a level 3 spell: Vampiric Draining
  2008 | D:2      | Reached skill level 6 in Necromancy
  2008 | D:2      | Reached XP level 4. HP: 25/30 MP: 7/7
  2252 | D:3      | Noticed mopl's ghost (average OpVM)
  2268 | D:3      | Paralysed by a potion of paralysis for 2 turns
  2273 | D:3      | Killed from afar by mopl's ghost

Action                   |  1- 3 |  4- 6 || total
-------------------------+-------+-------++-------
Melee: Short sword       |    57 |    25 ||    82
 Cast: Pain              |    21 |     3 ||    24
       Animate Skeleton  |     4 |     7 ||    11
       Vampiric Draining |       |     2 ||     2
Evoke: Wand              |     2 |       ||     2
  Use: Potion            |     1 |     8 ||     9
 Stab: Sleeping          |     2 |     2 ||     4
